 Dungeon Crawl Stone Soup version bcrawl-1.28.1b (webtiles) character file.

Game seed: 13316191086657636695

183135 LostNumber the Ruffian (level 6, -5/37 HPs)
             Began as a Vine Stalker Martial Artist on Dec 6, 2020.
             Was a Believer of Wu Jian.
             Slain by a centaur (7 damage)
             ... on level 5 of the Dungeon.
             The game lasted 00:03:29 (2669 turns).

LostNumber the Ruffian (VSMA)                       Turns: 2669, Time: 00:03:29

Health: -5/37      AC: 10    Str: 17    XL:     6   Next: 27%
Magic:  10/10      EV: 17    Int:  9    God:    Wu Jian [**....]
Gold:   225        SH:  5    Dex: 21    Spells: 8/9 levels left

rFire    . . .     SeeInvis .     - Fists (10.1)
rCold    + . .     Gourm    .   q - +0 buckler
rNeg     . . .     Faith    .   j - +0 ring mail
rPois    .         Spirit   .   (no helmet)
rElec    .         Reflect  .   (no cloak)
rCorr    .         Harm     .   u - +0 pair of gloves
MR       .....                  l - +0 pair of boots
Stlth    +++.......             t - amulet of rage (curse)
HPRegen  0.52/turn              o - ring of protection from cold
MPRegen  0.12/turn              f - +3 ring of protection (curse)

@: agile
A: fangs 3, regeneration 1, no potion heal 3, rot immunity, strong jaws
a: Wall Jump, Serpent's Lash, Renounce Religion, Evoke Berserk Rage


You were on level 5 of the Dungeon.
You worshipped Wu Jian.
Wu Jian was pleased with you.
You were near starving.

You visited 1 branch of the dungeon, and saw 5 of its levels.

You collected 225 gold pieces.

Inventory:

Armour
 a - a +0 robe
 j - a +0 ring mail (worn)
   (You found it on level 2 of the Dungeon)
 l - a +0 pair of boots (worn)
   (You found it on level 1 of the Dungeon)
 q - a +0 buckler (worn)
   (You found it on level 3 of the Dungeon)
 u - a +0 pair of gloves (worn)
   (You found it on level 4 of the Dungeon)
Jewellery
 f - a cursed +3 ring of protection (right hand)
   (You found it on level 3 of the Dungeon)
 i - an uncursed ring of wizardry
   (You found it on level 1 of the Dungeon)
 o - a ring of protection from cold (left hand)
   (You found it on level 1 of the Dungeon)
 r - a +1 ring of evasion {unknown}
   (You found it on level 3 of the Dungeon)
 t - a cursed amulet of rage (around neck)
   (You found it on level 4 of the Dungeon)
Wands
 d - a wand of iceblast (8)
   (You found it on level 2 of the Dungeon)
Scrolls
 c - 3 scrolls of immolation {unknown}
 g - 2 scrolls of remove curse {unknown}
 m - 3 scrolls of teleportation {unknown}
 n - 2 scrolls of identify {@r1}
 p - 2 scrolls of amnesia {unknown}
 v - a scroll of blinking {unknown}
 w - a scroll of enchant armour {unknown}
Potions
 b - 2 potions of agility
 h - 3 potions of curing {@q1}
 k - a potion of heal wounds {unknown}
 s - a potion of flight {unknown}
Comestibles
 e - 4 rations {!d!d}


   Skills:
 + Level 3.2 Fighting
 + Level 4.0 Dodging
 + Level 3.4 Stealth
 + Level 1.0 Shields
 * Level 5.0 Unarmed Combat
 - Level 2.0 Spellcasting
 * Level 2.9 Hexes


You had 8 spell levels left.
You knew the following spells:

 Your Spells              Type           Power        Failure   Level  Hunger
a - Confusing Touch       Hex            #.......     43%         1    None
Your spell library was empty.

Dungeon Overview and Level Annotations

Branches:
Dungeon (5/12)
 Temple: D:4-7

Altars:
Elyvilon
Lugonu
Nemelex Xobeh
Sif Muna
Trog
Wu Jian
Xom

Annotations:
D:4 1 runed translucent door, cccccccc's ghost, amateur MiFi


Innate Abilities, Weirdness & Mutations

You have razor-sharp teeth.
Your natural rate of healing is unusually fast.
Potions cannot restore your health.
You are immune to rotting.
Your bites deal extra damage.


Message History

You closely miss the ogre. You hit the ogre. The ogre barely misses you.
You hit the ogre.
An ogre comes into view. It is wielding a +0 giant club.
The ogre hits you with a +0 giant spiked club.
You completely miss the ogre. You barely miss the ogre.
The ogre closely misses you.
You hit the ogre. You bite the ogre, but do no damage.
The ogre hits you with a +0 giant spiked club.
You hit the ogre. You bite the ogre, but do no damage.
You feel agile all of a sudden. You block the ogre's attack.
Unknown command.
You hit the ogre but do no damage. You bite the ogre.
The ogre hits you with a +0 giant spiked club!
* * * LOW HITPOINT WARNING * * *
You hit the ogre. You punch the ogre!
The ogre hits you with a +0 giant spiked club!
Ouch! That really hurt!
* * * LOW HITPOINT WARNING * * *
You barely miss the ogre. The ogre closely misses you.
You hit the ogre. You hit the ogre.
You kill the ogre!
The Council accepts your kill.
The centaur wields a +0 shortbow.
The centaur shoots an arrow.
The arrow completely misses you.
Your Dodging skill increases to level 4!
Your Shields skill increases to level 1!
Your Unarmed Combat skill increases to level 5!
You have reached level 6!
Your experience leads to an increase in your attributes!
Your base attributes are Str 16, Int 9, Dex 16.
Increase (S)trength, (I)ntelligence, or (D)exterity?
You feel stronger.
Your teeth grow very long and razor-sharp.
You lunge at the centaur, in a flurry of attacks.
You hit the centaur. You punch the centaur!
The centaur unwields a +0 shortbow.
The centaur misses you.
Things that are here:
a +0 giant spiked club; an ogre corpse
Okay, then.
You hit the centaur. The centaur hits you.
* * * LOW HITPOINT WARNING * * *
The centaur hits you but does no damage.
You are near starving!
You barely miss the centaur. The centaur closely misses you.
You hit the centaur but do no damage. The centaur hits you!
You die...

#.# #.# #.#
#.# #.# #.#
#.#
#########.#
.....Oc@..#
###########


You could see an ogre and a centaur.

Vanquished Creatures
  An ogre (D:5)
  A necrophage (D:4)
  A worker ant (D:4)
  An adder (D:3)
  A gnoll (D:2)
  An ooze (D:1)
  An adder skeleton (D:4)
  4 worms
  A dart slug (D:1)
  2 leopard geckos (D:3)
  2 orcs
  2 ball pythons
  A bat (D:2)
  2 giant cockroaches
  2 goblins (D:1)
  4 hobgoblins
  10 kobolds
  A quokka (D:4)
  5 frilled lizards
  3 rats
46 creatures vanquished.

Notes
Turn   | Place    | Note
-------+----------+-------------------------------------------
     0 | D:1      | LostNumber the Vine Stalker Martial Artist began the quest
                  | for the Orb.
     0 | D:1      | Reached XP level 1. HP: 13/13 MP: 3/3
    64 | D:1      | Reached XP level 2. HP: 18/18 MP: 4/4
   254 | D:1      | Reached XP level 3. HP: 22/22 MP: 6/6
   479 | D:2      | Reached ** piety under Wu Jian
  1099 | D:2      | Found a corrupted altar of Lugonu.
  1101 | D:2      | Found a shimmering blue altar of Sif Muna.
  1119 | D:2      | Reached XP level 4. HP: 25/27 MP: 7/7
  1301 | D:3      | Found a bloodstained altar of Trog.
  1440 | D:3      | Found a shimmering altar of Xom.
  1442 | D:3      | Found a white marble altar of Elyvilon.
  1444 | D:3      | Found a sparkling altar of Nemelex Xobeh.
  2060 | D:4      | Noticed a necrophage
  2078 | D:4      | Killed a necrophage
  2079 | D:4      | Reached XP level 5. HP: 27/32 MP: 7/9
  2180 | D:4      | Found a runed translucent door.
  2445 | D:4      | Found an ornate altar of the Wu Jian Council.
  2616 | D:4      | Noticed cccccccc's ghost (amateur MiFi)
  2642 | D:5      | Entered Level 5 of the Dungeon
  2650 | D:5      | Noticed a centaur
  2650 | D:5      | Noticed an ogre
  2654 | D:5      | Noticed an ogre
  2662 | D:5      | HP: 1/32 [ogre/+0 giant spiked club (16)]
  2665 | D:5      | Killed an ogre
  2666 | D:5      | Reached skill level 1 in Shields
  2666 | D:5      | Reached skill level 5 in Unarmed Combat
  2666 | D:5      | Gained mutation: You have razor-sharp teeth. [Vine Stalker
                  | growth]
  2666 | D:5      | Reached XP level 6. HP: 3/37 MP: 10/10
  2667 | D:5      | HP: 1/37 [centaur (3)]
  2669 | D:5      | Slain by a centaur

Skill      XL: |  1  2  3  4  5 |
---------------+----------------+-----
Stealth        | 2 3 |  3.4
Hexes          | 2 |  2.9
Fighting       | 3 |  3.2
Spellcasting   | 2 |  2.0
Dodging        | 4 |  4.0
Shields        | 1 |  1.0
Unarmed Combat | 5 |  5.0

Action                   |  1- 3 |  4- 6 || total
-------------------------+-------+-------++-------
Melee: Unarmed           |   100 |    64 ||   164
       Bite              |     7 |     8 ||    15
       Punch             |     1 |     1 ||     2
 Cast: Confusing Touch   |     4 |       ||     4
Invok: Lunge             |    15 |     5 ||    20
  Use: Scroll            |       |     2 ||     2
       Potion            |       |     1 ||     1
 Stab: Sleeping          |     6 |     1 ||     7
       Confused          |     1 |       ||     1
       Distracted        |       |     1 ||     1
  Eat: Chunk             |     3 |       ||     3
       Ration            |       |     1 ||     1
Armor: Robe              |    14 |       ||    14
       Ring mail         |       |    10 ||    10
Dodge: Dodged            |    38 |    27 ||    65
Block: Buckler           |       |     6 ||     6
